[Event "*** Titled Tuesday 3|2 Blitz"]
[Site "Chess.com"]
[Date "2016.01.05"]
[Round "9"]
[White "AndroQueen"]
[Black "BellJackson95"]
[Result "0-1"]
[WhiteElo "2431"]
[BlackElo "2289"]
[TimeControl "180+2"]
[EndTime "12:56:24 PST"]
[Termination "BellJackson95 won by resignation"]

1. e4 e5 2. Nf3 Nc6 3. Bb5 f5 4. d3 fxe4 5. dxe4 Nf6 6. O-O Bc5 7. Qd3 d6 8. Qc4 Bd7 9. Bxc6 Bxc6 10. Nxe5 dxe5 11.
Qxc5 Qd6 12. Qxd6 cxd6 13. f3 O-O-O 14. Bg5 d5 15. Bxf6 gxf6 16. exd5 Rxd5 17. Nc3 Rd2 18. Rf2 Rhd8 19. Rc1 f5 20. Kf1 Rxf2+ 21. Kxf2 Rd2+ 22.
Kf1 b5 23. Nb1 Rd7 24. Ke2 e4 25. f4 b4 26. Nd2 Bb5+ 27. Ke3 h5 28. g3 h4 29.
gxh4 Rh7 30. c3 bxc3 31. Rxc3+ Kb7 32. Rc5 Bd7 33. Nc4 Rxh4 34. Ne5 Bc8 35. Rc2 Rh3+ 36.
Kd4 Be6 37. b3 Rh4 38. Rf2 Rh8 39. Nc4 Bxc4 40. bxc4 Re8 41. Ke3 Kc6 42. Rd2 Rh8 43.
Kd4 Rd8+ 44. Kc3 Rh8 45. Rd5 Rh3+ 46. Kb4 Rxh2 47. Rxf5 Rxa2 48. Rf6+ Kd7 49. Kc5 e3 50. Rd6+ Ke7 51. Rd3 e2 52. Re3+ Kf6 53. Kd6 Kf5 54. c5 Kxf4 55. Re8 Kf3 56. c6 Rc2 57. c7 a5 58.
Rf8+ Kg2 59. Rg8+ Kf1 60. Rf8+ Kg2 61. Rg8+ Kf3 62. Rf8+ Kg3 63. Rg8+ Kf2 64. Rf8+ Ke3 65. Re8+ Kd2 66. c8=Q Rxc8 67. Rxc8 e1=Q 0-1

[Event "*** Titled Tuesday 3|2 Blitz"]
[Site "Chess.com"]
[Date "2016.01.05"]
[Round "9"]
[White "Haridaskesavan"]
[Black "cool64chess"]
[Result "0-1"]
[WhiteElo "2099"]
[BlackElo "2224"]
[TimeControl "180+2"]
[EndTime "12:56:35 PST"]
[Termination "cool64chess won by resignation"]

1. e4 e6 2. d3 d5 3. Nd2 Nf6 4. Ngf3 Bc5 5. e5 Nfd7 6. g3 Nc6 7. Qe2 f6 8. exf6 Nxf6 9. Bg2 O-O 10. O-O Bd6 11.
d4 a5 12. c3 Bd7 13. Re1 Qe7 14. Nf1 Rae8 15. Ne5 Bc8 16. f4 Bxe5 17. dxe5 Nd7 18.
Be3 b6 19. Rad1 Nc5 20. Qb5 Bb7 21. Bxc5 Qxc5+ 22. Qxc5 bxc5 23. Ne3 Ba8 24. Rd2 Kf7 25.
Red1 g6 26. Ng4 Rd8 27. Nf6 h6 28. Kf2 Ke7 29. Kg1 Nb8 30. c4 c6 31. a3 Nd7 32.
Ng4 h5 33. Ne3 Nb6 34. b3 d4 35. Nc2 a4 36. Na1 axb3 37. Rb2 Nxc4 38. Rxb3 Rb8 39. Rxb8 Rxb8 40. Rc1 Ne3 41. Nc2 c4 42. Nxd4 Nxg2 43.
Kxg2 c5+ 44. Nf3 Rb3 45. Rxc4 Rxf3 46. Kh3 Rxa3 47. Rxc5 Bd5 48. Rc7+ Kf8 49. Kh4 Ra2 50. Kg5 Rxh2 51. Kf6 Ke8 52. Rg7 h4 53. gxh4 Rxh4 54. Kg5 Rh1 55. Rg8+ Kf7 56. Rc8 Rg1+ 57. Kh4 Bf3 58.
Rc7+ Ke8 59. Rc8+ Kd7 60. Rg8 Bh5 61. Kh3 Kc6 62. Rd8 Kc5 63. Rd6 Rg4 64. Rxe6 Rxf4 65. Rd6 Re4 66. Rf6 Rxe5 67. Kh4 Kd5 68. Rf2 Rf5 69.
Rd2+ Ke4 0-1

[Event "*** Titled Tuesday 3|2 Blitz"]
[Site "Chess.com"]
[Date "2016.01.05"]
[Round "9"]
[White "APL2001"]
[Black "the_drake"]
[Result "1-0"]
[WhiteElo "2038"]
[BlackElo "2015"]
[TimeControl "180+2"]
[EndTime "12:57:00 PST"]
[Termination "APL2001 won by checkmate"]

1. e4 e5 2. Nf3 Nc6 3. Bb5 a6 4. Ba4 Nf6 5. d4 b5 6. dxe5 Nxe4 7. Bb3 Nc5 8. Bd5 Ne6 9. Nc3 Bb7 10. O-O Be7 11.
Re1 Na5 12. Bxb7 Nxb7 13. Nd5 O-O 14. Be3 Bc5 15. Qd2 d6 16. Rad1 c6 17. Bxc5 Nbxc5 18. Nb4 dxe5 19. Qxd8 Nxd8 20. Nxe5 Rc8 21. Nd7 a5 22.
Nxf8 Kxf8 23. Nd3 Na4 24. Ne5 Ne6 25. b3 Nc3 26. Rd7 Rc7 27. Rxc7 Nxc7 28. Nxc6 Nxa2 29. Nxa5 Nb4 30. c4 bxc4 31. bxc4 Ne6 32. Nb3 Ke7 33.
Nd4 Nd3 34. Re3 Nc5 35. Nxe6 Nxe6 36. Ra3 Kd6 37. Ra7 Kc5 38. Rxf7 Kxc4 39. Re7 Kd5 40. f3 Kd6 41. Ra7 Ke5 42. Kf2 Kf6 43. g3 h6 44.
f4 Nd4 45. Ra6+ Kf5 46. Ke3 Nc2+ 47. Kd2 Nd4 48. Ra7 g5 49. fxg5 hxg5 50. Ke3 Nc2+ 51. Kf2 Kg4 52. Ra5 Kh5 53. h4 Nb4 54. Rxg5+ Kh6 55.
Kf3 Nd3 56. Ra5 Nb4 57. g4 Nd3 58. Ra6+ Kg7 59. h5 Kh7 60. g5 Ne5+ 61. Kg3 Nc4 62. Ra7+ Kg8 63. g6 Nd6 64. Kg4 Kh8 65. h6 Nf7 66.
Ra8+ Nd8 67. Rxd8# 1-0

[Event "*** Titled Tuesday 3|2 Blitz"]
[Site "Chess.com"]
[Date "2016.01.05"]
[Round "9"]
[White "AdrianaNikolova"]
[Black "levallem"]
[Result "0-1"]
[WhiteElo "2170"]
[BlackElo "2160"]
[TimeControl "180+2"]
[EndTime "12:57:05 PST"]
[Termination "levallem won by resignation"]

1. e4 c5 2. Nf3 g6 3. c3 Bg7 4. d4 cxd4 5. cxd4 d5 6. e5 Bg4 7.
Nc3 Nc6 8. Qb3 Bxf3 9. gxf3 Nxd4 10. Qa4+ Nc6 11. Bb5 Qd7 12. Bf4 e6 13. O-O-O Nge7 14. Ne4 O-O 15. Nf6+ Bxf6 16. exf6 Nf5 17. h4 Rfc8 18. Kb1 a6 19. Bd3 b5 20. Qa3 h5 21. Bxf5 exf5 22. Bh6 Qe6 23. Bg7 Re8 24. f4 d4 25. Qg3 Nb4 26. Qb3 Qxb3 27. axb3 Rad8 28. Rd2 d3 29. Rhd1 a5 30. Bh6 Rd4 31.
Rc1 Rde4 32. Rcd1 Re2 33. Rxd3 Nxd3 34. Rxd3 Rxf2 35. Rd5 Rb8 36. Re5 Rh2 37. Bg5 Kf8 38. Rc5 Ke8 39. Re5+ Kf8 40. Re7 Rf2 41. Bh6+ Kg8 42.
Bg5 a4 43. b4 Rd8 44. Ka2 a3 45. Kxa3 Ra8+ 46. Kb3 Rf3+ 47. Kc2 Rc8+ 48. Kd2 Rd8+ 49. Ke2 Rb3 50. Rb7 Rxb2+ 51. Ke3 Rxb4 52. Bh6 Re8+ 53. Kd3 Rb3+ 54. Kc2 Rb4 55. Kc3 Rc4+ 56. Kb3 Rc5 57. Kb4 Rd5 58. Rb6 Rc8 59. Kb3 Rdd8 60.
Rb7 Rb8 61. Re7 b4 62. Re3 Rd6 63. Rf3 Ra6 64. Kb2 Rba8 65. Rb3 Ra2+ 66. Kc1 Rc8+ 67. Kd1 Rb8 68. Kc1 Ra3 69. Rb2 b3 70. Kd2 Ra2 71. Kc3 Rxb2 72. Kxb2 Rb4 73. Bg5 Rb6 74. Bh6 Kh7 75. Bf8 Rxf6 76. Kxb3 Re6 77. Kc3 Re4 78. Bd6 Re3+ 79. Kd4 Rh3 80. Be7 Kg7 81. Ke5 Re3+ 82. Kd6 Re6+ 83. Kd7 Re4 84. Bd6 f6 85. Bc7 Kf7 86.
Bb8 Rd4+ 87. Kc6 Rd3 88. Ba7 Rh3 89. Bf2 Rf3 90. Bc5 Rxf4 91. Kd5 Rxh4 92. Bf2 Re4 93. Bc5 h4 94. Bd6 g5 95. Kc5 h3 96. Kd5 g4 97.
Bg3 Kg6 98. Bd6 Re2 99. Bc7 h2 100. Bxh2 Rxh2 101. Kd4 Re2 102. Kd3 Re4 103. Kd2 g3 104. Kd3 g2 105. Kd2 g1=Q 0-1

[Event "*** Titled Tuesday 3|2 Blitz"]
[Site "Chess.com"]
[Date "2016.01.05"]
[Round "9"]
[White "nijat_a"]
[Black "Hikaru"]
[Result "1/2-1/2"]
[WhiteElo "2705"]
[BlackElo "2894"]
[TimeControl "180+2"]
[EndTime "12:58:44 PST"]
[Termination "Game drawn by repetition"]

1. d4 Nf6 2. c4 g6 3. Nc3 Bg7 4.
e4 d6 5. Be2 O-O 6. Nf3 e5 7.
O-O Nc6 8. Be3 Ng4 9. Bg5 f6 10.
Bc1 Nh6 11. d5 Ne7 12. Be3 Nf7 13. Nd2 f5 14. f3 h5 15. c5 Bh6 16. Bxh6 Nxh6 17.
Nc4 g5 18. b4 f4 19. cxd6 cxd6 20. Nb5 Rf6 21. a4 g4 22. Kh1 Ng6 23. Rc1 g3 24. Qe1 a6 25. Nbxd6 Rxd6 26. Nxd6 Qxd6 27.
hxg3 Bd7 28. a5 Nf7 29. Rc5 Kh7 30. gxf4 Nxf4 31. Bd1 Rg8 32. Rc2 Qf6 33. g4 hxg4 34.
Rh2+ Kg7 35. fxg4 Ng5 36. Rff2 Rc8 37. Qe3 Rc4 38. Bc2 Bxg4 39. Qg3 Bh5 40. Rhg2 Kh6 41. Rh2 Qg6 42. Rxf4 exf4 43. Qxf4 Qf7 44. Qxf7 Nxf7 45. Bd1 Rc1 46. Rxh5+ Kg6 47. Kg2 Rxd1 48. Rh4 Rd4 49. Kf3 Ng5+ 50. Ke3 Rxb4 51. Rg4 Ra4 52. d6 Ra1 53. d7 Rd1 54. Kf4 Rxd7 55. Rxg5+ Kf6 56. e5+ Kf7 57. Kf5 Rd1 58. e6+ Kf8 59. Kf6 Rf1+ 60.
Rf5 Rb1 61. Rh5 Rf1+ 62. Ke5 Rd1 63. Rh8+ Ke7 64. Rh7+ Ke8 65. Rxb7 Re1+ 66. Kd5 Rd1+ 67. Kc5 Rc1+ 68. Kb6 Re1 69. Kxa6 Rxe6+ 70. Ka7 Kd8 71. Rb6 Re5 72. a6 Kc7 73. Rb1 Rc5 74. Rh1 Rc2 75. Rh7+ Kc8 76. Rh8+ Kc7 77. Rb8 Ra2 78. Rb7+ Kc8 79.
Rb5 Kc7 80. Rc5+ Kd6 81. Rc3 Rb2 82. Rc8 Ra2 83. Kb7 Rb2+ 84. Ka7 Kd7 85. Rc3 Rb1 86. Rc2 Rb3 87. Rc5 Rb1 88. Rh5 Rb2 89. Rh7+ Kc8 90.
Rb7 Ra2 91. Rb4 Kc7 92. Rc4+ Kd7 93. Kb7 Rb2+ 94. Ka8 Kd8 95. Rh4 Kc7 96. Rh7+ Kc8 97. Rb7 Ra2 98. a7 Rc2 99. Rb8+ Kc7 100. Rh8 Rc1 101. Rh7+ Kc8 102. Rh8+ Kc7 103. Rh7+ Kc8 104. Rh8+ Kc7 1/2-1/2

[Event "*** Titled Tuesday 3|2 Blitz"]
[Site "Chess.com"]
[Date "2016.01.05"]
[Round "9"]
[White "maciek_92"]
[Black "GeorgMeier"]
[Result "1/2-1/2"]
[WhiteElo "2417"]
[BlackElo "2674"]
[TimeControl "180+2"]
[EndTime "13:00:56 PST"]
[Termination "Game drawn by repetition"]

1. e4 e6 2. d4 d5 3. Nd2 dxe4 4. Nxe4 Nd7 5. Nf3 Ngf6 6. Bd3 c5 7. Nxf6+ Nxf6 8. O-O cxd4 9. Nxd4 Bc5 10. Nf3 O-O 11. Bg5 h6 12. Bh4 b6 13. Qe2 Bb7 14. Rad1 Qc7 15.
Bg3 Qc6 16. Rfe1 Rfd8 17. Ba6 Rac8 18. Bxb7 Qxb7 19. Rxd8+ Rxd8 20. Rd1 Rd5 21. Ne5 Ne4 22. Nd3 Nxg3 23. hxg3 Qa6 24. a3 Qc4 25. Rd2 Bd6 26.
Nf4 Qxe2 27. Rxe2 Rd1+ 28. Kh2 g6 29. Nd3 h5 30. Re4 Rd2 31. Rc4 Kf8 32. Kg1 Rd1+ 33. Kh2 Ke7 34. a4 Rd2 35. Kg1 Rd1+ 36. Kh2 Kd7 37. b4 a6 38. Rd4 Ke7 39. Rc4 Kd7 40. Rd4 Kc7 41. Rc4+ Kb7 42. Rd4 Kc7 43. Rc4+ Kb7 44.
b5 axb5 45. axb5 Rb1 46. Rc6 Bb8 47. c4 h4 48. f4 Rb3 49. Ne5 hxg3+ 50. Kh3 Bxe5 51.
fxe5 Re3 52. Rd6 Kc7 53. Rc6+ Kb7 54. Rd6 Rxe5 55. Rd7+ Kc8 56. Rxf7 Rc5 57. Rf4 Kd7 58. Rd4+ Ke7 59. Kxg3 e5 60. Rg4 Kf6 61. Kf3 Kf5 62.
Re4 Rc8 63. Rh4 Rf8 64. Ke3 Ra8 65. Rh7 Ra3+ 66. Kd2 Rg3 67. Rb7 Ke4 68. Rxb6 Kd4 69. Rc6 Rxg2+ 70. Kc1 Kc3 71. Kd1 e4 72. b6 Kd3 73. Kc1 Kc3 74. Kd1 Kd3 75. Kc1 e3 76.
b7 Kc3 77. Kd1 Rb2 78. Rc7 Kd3 79. Rd7+ Kxc4 80. Ke1 g5 81. Rg7 Kd3 82. Rd7+ Ke4 83. Re7+ Kf3 84. Rf7+ Kg3 85. Rg7 g4 86. Rf7 Kg2 87.
Re7 g3 88. Rg7 Kg1 89. Rxg3+ Kh2 90. Rg7 Kh3 91. Re7 Kg4 92. Kd1 Kf3 93. Rf7+ Ke4 94. Kc1 Rb6 95. Re7+ Kf3 96. Kd1 Rb5 97. Rf7+ Ke4 98.
Re7+ Kd3 99. Rd7+ Ke4 100. Re7+ Kf3 101. Rf7+ Ke4 102. Re7+ Kf3 103. Rf7+ Ke4 1/2-1/2